 Dungeon Crawl Stone Soup version 0.20.0-15-g7f486f2 (webtiles) character file.

92 StormFighter the Slasher (level 4, -2/23 HPs)
             Began as a Vine Stalker Fighter on June 26, 2017.
             Killed by nerve-wracking pain
             ... invoked by an orc priest
              (8 damage)
             ... on level 3 of the Dungeon.
             The game lasted 00:02:51 (1310 turns).

StormFighter the Slasher (Vine Stalker Fighter)     Turns: 1310, Time: 00:02:52

Health: -2/23      AC:  6    Str: 20    XL:     4   Next: 60%
Magic:  0/5        EV:  9    Int:  8    God:
Gold:   143        SH:  6    Dex: 13    Spells: 3/3 levels left

rFire    . . .     SeeInvis .   a - +0 long sword
rCold    . . .     Gourm    .   o - +2 buckler
rNeg     . . .     Faith    .   b - +0 scale mail
rPois    .         Spirit   +   (no helmet)
rElec    .         Reflect  .   (no cloak)
rCorr    .         Harm     .   (no gloves)
MR       .....                  (no boots)
Stlth    ..........             (no amulet)
Regen    0.5/turn               (no ring)
MPRegen  0.1/turn               (no ring)

@: no status effects
A: fangs 2, regeneration 1, magic shield, antimagic bite, no potion heal 3, rot
immunity
a: no special abilities


You were on level 3 of the Dungeon.
You were hungry.

You visited 1 branch of the dungeon, and saw 3 of its levels.

You collected 143 gold pieces.

Inventory:

Hand Weapons
 a - a +0 long sword (weapon)
Armour
 b - a +0 scale mail (worn)
 c - a +0 shield
 o - a +2 buckler (worn)
Scrolls
 e - 3 scrolls of identify {unknown}
 i - a scroll of remove curse {unknown}
 j - a scroll of noise {unknown}
 k - a scroll of teleportation {unknown}
 p - a scroll of immolation {unknown}
Potions
 d - 2 potions of might
 h - a potion of haste {unknown}
 l - 3 potions of lignification {unknown}
 m - a potion of curing {unknown}
 n - a potion of invisibility {unknown}
Comestibles
 f - 2 bread rations
 g - a meat ration


   Skills:
 - Level 2.6 Fighting
 + Level 4.2 Long Blades
 - Level 2.4 Armour
 - Level 2.6 Shields


You had 3 spell levels left.
You didn't know any spells.

Dungeon Overview and Level Annotations

Branches:
Dungeon (3/15)

Altars:

Annotations:
D:1 exclusion: door


Innate Abilities, Weirdness & Mutations

You have extremely sharp teeth.
Your natural rate of healing is unusually fast.
When hurt, damage is shared between your health and your magic reserves.
Your bite disrupts and absorbs the magic of your enemies.
Potions cannot restore your health.
You are immune to rotting.


Message History

The orc priest hits you with a hand axe.
You closely miss the orc priest. You bite the orc priest. You drain its power.
You feel invigorated.
The orc priest is heavily wounded.
The orc wizard points at you and mumbles some strange words.
The magic dart hits you!
The orc priest looks braver for a moment.
You barely miss the orc priest. You bite the orc priest! You drain its power.
You feel invigorated.
The orc priest is almost dead.
You block the orc wizard's attack.
The orc priest mumbles some strange prayers to Beogh against you.
Beogh smites you!
* * * LOW HITPOINT WARNING * * *
The orc wizard misses you.
You barely miss the orc priest. Your bite misses the orc priest.
The orc priest is almost dead.
The orc priest invokes the aid of Beogh against you.
Pain shoots through your body!
You die...

#........#.#........#
#........#.#........#
#........#.#........#
#........#.#........#
#........#.#........#
#........#.##'##+##+#
....###...#........
.... #..ooo.......
... #.(o#@....... (.
#?o.#########
#....o.§o. #.....o...
.........o
...######## ....#
..... #.....


You could see an orc priest, an orc wizard and an orc.

Vanquished Creatures
  2 adders (D:2)
  2 oozes (D:3)
  3 worms (D:2)
  A leopard gecko (D:3)
  5 orcs (D:3)
  3 giant cockroaches (D:1)
  6 goblins
  8 hobgoblins
  7 bats
  3 frilled lizards
  6 kobolds
  11 rats
57 creatures vanquished.

Notes
Turn   | Place    | Note
-------+----------+-------------------------------------------
     0 | D:1      | StormFighter the Vine Stalker Fighter began the quest for the Orb.
     0 | D:1      | Reached XP level 1. HP: 11/11 MP: 2/2
    14 | D:1      | Reached skill level 2 in Long Blades
    98 | D:1      | Reached XP level 2. HP: 14/16 MP: 3/3
   318 | D:1      | Reached skill level 3 in Long Blades
   322 | D:1      | Reached XP level 3. HP: 18/19 MP: 4/4
   943 | D:2      | Gained mutation: Your natural rate of healing is unusually fast. [Vine Stalker growth]
   943 | D:2      | Reached XP level 4. HP: 19/23 MP: 5/5
  1204 | D:3      | Reached skill level 4 in Long Blades
  1310 | D:3      | Killed from afar by an orc priest

Skill      XL: |  1  2  3  4 |
---------------+-------------+-----
Long Blades    | 2 3 4 |  4.2
Fighting       | |  2.6
Armour         | |  2.4
Shields        | |  2.6

Action                   |  1- 3 |  4- 6 || total
-------------------------+-------+-------++-------
Melee: Long sword        |    86 |    51 ||   137
       Bite              |    23 |    15 ||    38
  Eat: Chunk             |       |     1 ||     1
Armor: Scale mail        |    31 |    21 ||    52
Dodge: Dodged            |    35 |    17 ||    52
Block: Shield            |    31 |     8 ||    39
       Buckler           |     5 |    18 ||    23
       Rpst.: Long sword |    10 |     9 ||    19
